 Dungeon Crawl Stone Soup version 0.17-a0-2208-ge5ab1d3 (webtiles) character file.

1196 septik the Cruncher (level 8, -3/62 HPs)
             Began as a Minotaur Gladiator on Oct 26, 2015.
             Was a Believer of Okawaru.
             Slain by an orc warrior
             ... wielding a cursed -2 short sword
              (11 damage)
             ... on level 6 of the Dungeon.
             The game lasted 00:18:06 (6097 turns).

septik the Cruncher (Minotaur Gladiator)            Turns: 6097, Time: 00:18:07

Health: -3/62      AC: 11    Str: 20    XL:     8   Next: 20%
Magic:  7/7        EV:  8    Int:  5    God:    Okawaru [**....]
Gold:   185        SH:  0    Dex: 13    Spells: 0 memorised, 7 levels left

rFire  . . .     SeeInvis .     P - +2 quarterstaff (chaos)
rCold  . . .     Clarity  .     l - +0 chain mail
rNeg   . . .     SustAt   .     (no shield)
rPois  .         Gourm    .     c - +1 hat
rElec  .         Spirit   .     N - +0 cloak
rCorr  .         Warding  .     D - +0 pair of gloves
rMut   .         Stasis   .     (no boots)
MR     .....                    (no amulet)
Stlth  ..........               (no ring)
                                (no ring)

@: not resistant to hostile enchantments, extremely unstealthy
A: retaliatory headbutt, horns 2
a: Heroism, Renounce Religion


You were on level 6 of the Dungeon.
You worshipped Okawaru.
Okawaru was pleased with you.
You were not hungry.

You visited 2 branches of the dungeon, and saw 7 of its levels.

You collected 283 gold pieces.
You spent 98 gold pieces at shops.

Inventory:

Hand Weapons
 a - a +0 quarterstaff
 v - a +0 hunting sling
 x - the +5 dagger of the Twelve Mice {drain, rElec MR++}
   (You found it on level 4 of the Dungeon)

   A truly terrible weapon, it drains the life of those it strikes.
   It insulates you from electricity.
   It affects your resistance to hostile enchantments.
 y - a +0 hunting sling
 P - a +2 quarterstaff of chaos (weapon)
Missiles
 d - 3 throwing nets
 h - 204 stones (quivered)
 p - 2 javelins
Armour
 c - a +1 hat (worn)
 l - a +0 chain mail (worn)
 D - a +0 pair of gloves (worn)
 N - a +0 cloak (worn)
Jewellery
 k - an uncursed ring of protection from fire {unknown}
 o - an uncursed ring of magical power {unknown}
Wands
 j - a wand of polymorph (15)
 A - a wand of polymorph (2)
 S - a wand of random effects (30)
Scrolls
 b - a scroll of immolation {unknown}
 s - 2 scrolls of remove curse
 E - a scroll of magic mapping
 I - 2 scrolls of random uselessness {unknown}
 J - a scroll of enchant armour
 K - a scroll of vulnerability {unknown}
 M - 2 scrolls of amnesia
 Q - 2 scrolls of teleportation
 R - a scroll of recharging {unknown}
Potions
 m - 2 potions of lignification {unknown}
 q - a potion of agility {unknown}
 t - a potion of cancellation {unknown}
 u - a potion of resistance {unknown}
 w - a potion of brilliance {unknown}
 z - 2 potions of heal wounds
 B - a potion of magic {unknown}
 C - 3 potions of curing
 F - a potion of haste {unknown}
 H - 2 potions of poison {unknown}
 O - a potion of ambrosia {unknown}
Books
 n - a book of the Warp

   Spells                             Type                      Level
   a - Recall                         Summoning/Translocation      3
   b - Gell's Gravitas                Hexes/Translocation          3
   c - Force Lance                    Conjuration/Translocation    4
   d - Phase Shift                    Translocation                5
   e - Warp Weapon                    Charms/Translocation         5
   f - Summon Forest                  Summoning/Translocation      5
 G - a Young Poisoner's Handbook

   Spells                             Type                      Level
   a - Sting                          Conjuration/Poison           1
   b - Cure Poison                    Poison                       2
   c - Mephitic Cloud                 Conjuration/Poison/Air       3
   d - Olgreb's Toxic Radiance        Poison                       4
   e - Venom Bolt                     Conjuration/Poison           5
Miscellaneous
 r - a plain deck of defence {drawn: 1}
Comestibles
 e - 2 bread rations
 f - 2 slices of pizza
 g - 2 fruits
 i - a beef jerky
 L - a meat ration


   Skills:
 - Level 2.4 Fighting
 + Level 12.0 Staves
 - Level 2.0 Throwing
 - Level 3.2 Dodging


You had 7 spell levels left.
You didn't know any spells.

Dungeon Overview and Level Annotations

Branches:
Dungeon (6/15)             Temple (1/1) D:5

Altars:
Ashenzari
Cheibriados
Elyvilon
Fedhas
Kikubaaqudgha
Makhleb
Nemelex Xobeh
Okawaru
Ru
Sif Muna
Trog
Xom
Yredelemnul
Zin
The Shining One

Shops:
D:4 [


Innate Abilities, Weirdness & Mutations

You reflexively headbutt those who attack you in melee.
You have a pair of horns on your head.


Message History

The orc warrior is heavily wounded.
The orc wizard hits you but does no damage.
You hit the orc warrior but do no damage.
The orc warrior looks even sicker.
The orc warrior is heavily wounded.
The orc warrior completely misses you.
You hit the orc warrior but do no damage.
The orc warrior is severely wounded.
The orc wizard hits you but does no damage.
The orc hits you but does no damage.
You hit the orc warrior but do no damage.
The orc warrior goes berserk!
The orc warrior is severely wounded.
The orc warrior hits you with an enchanted short sword!!
* * * LOW HITPOINT WARNING * * *
The orc wizard hits you but does no damage.
You hit the orc warrior. You freeze the orc warrior.
The orc warrior is almost dead.
The orc warrior hits you with an enchanted short sword!
You die...

..<.....# '#......## #
.#.##....## .#
.#..+.....### ######.#
#####.......# #......#
.... ....'.......# #.....#
.... .####..>....#
#.....####### #...
....#.......#
#.oo..#.....# ...
....#########
#.@o..#.....###+#.. ....#
########.)................
....#
#.........................
....#
#.........................
....#
#$........................
#####
#....!(............###++..
#.............###### #..
#.............)...# #..
#.................# ###


You could see an orc warrior (berserk), an orc wizard and an orc.

Vanquished Creatures
  Menkaure (D:5)
  A phantom (D:4)
  A sky beast (D:5)
  An ogre (D:6)
  2 centaurs
  A scorpion (D:5)
  A giant frog zombie (D:6)
  3 crimson imps (D:5)
  An orc priest (D:6)
  A centaur skeleton (D:5)
  2 orc wizards (D:5)
  Crazy Yiuf (D:2)
  A giant frog skeleton (D:5)
  2 hounds
  3 worker ants
  A hound zombie (D:5)
  A hound skeleton (D:5)
  A worker ant zombie (D:4)
  Robin (D:3)
  3 adders
  2 oozes
  A worm (D:3)
  5 giant geckos
  6 orcs
  6 bats
  4 giant cockroaches
  7 hobgoblins
  3 jackals (D:3)
  2 quokkas (D:2)
  4 giant newts
  19 goblins
  5 kobolds (D:1)
  A quokka zombie (D:5)
  5 rats
99 creatures vanquished.

Vanquished Creatures (others)
  A kobold (D:1)
1 creature vanquished.

Grand Total: 100 creatures vanquished

Notes
Turn   | Place    | Note
--------------------------------------------------------------
     0 | D:1      | septik the Minotaur Gladiator began the quest for the Orb.
     0 | D:1      | Reached XP level 1. HP: 18/18 MP: 0/0
    50 | D:1      | Reached skill level 4 in Staves
   133 | D:1      | Reached XP level 2. HP: 11/25 MP: 1/1
   727 | D:1      | Reached skill level 5 in Staves
  1040 | D:2      | Reached XP level 3. HP: 30/30 MP: 2/2
  1222 | D:2      | Found a sparkling altar of Nemelex Xobeh.
  1232 | D:2      | Noticed Ijyb
  1275 | D:2      | Noticed Ijyb
  1275 | D:2      | Ijyb changed into Ijyb the adder
  1278 | D:2      | Killed Ijyb the adder
  2540 | D:3      | Reached XP level 4. HP: 37/37 MP: 3/3
  2596 | D:3      | Reached skill level 6 in Staves
  2700 | D:3      | Noticed Robin
  2831 | D:3      | Killed Robin
  3093 | D:3      | Found a deep blue altar of Sif Muna.
  3126 | D:4      | Noticed a phantom
  3127 | D:4      | Found Guxe's Armour Emporium.
  3312 | D:4      | Reached skill level 7 in Staves
  3312 | D:4      | Reached XP level 5. HP: 35/42 MP: 4/4
  3541 | D:4      | Got an encrusted dagger
  3542 | D:4      | Identified the +5 dagger of the Twelve Mice {drain, rElec MR++} (You found it on level 4 of the Dungeon)
  3642 | D:4      | Found an ancient bone altar of Kikubaaqudgha.
  3647 | D:4      | Bought a +0 cloak for 49 gold pieces
  3647 | D:4      | Bought a +0 pair of gloves for 49 gold pieces
  3830 | D:4      | Killed a phantom
  3965 | D:4      | Reached skill level 8 in Staves
  4149 | D:5      | Entered Level 5 of the Dungeon
  4153 | D:5      | Reached XP level 6. HP: 50/50 MP: 5/5
  4217 | D:5      | Found a staircase to the Ecumenical Temple.
  4244 | Temple   | Entered the Ecumenical Temple
  4255 | Temple   | Became a worshipper of Warmaster Okawaru
  4617 | D:5      | Noticed a centaur
  4621 | D:5      | Killed a centaur
  4621 | D:5      | Reached skill level 9 in Staves
  4714 | D:5      | Noticed a sky beast
  4734 | D:5      | Killed a sky beast
  4734 | D:5      | Reached XP level 7. HP: 56/56 MP: 6/6
  4843 | D:5      | Reached skill level 10 in Staves
  4887 | D:5      | Reached * piety under Okawaru
  4896 | D:5      | Noticed Menkaure
  5061 | D:5      | Killed Menkaure
  5503 | D:5      | Reached skill level 11 in Staves
  5741 | D:2      | Noticed Crazy Yiuf
  5745 | D:2      | Killed Crazy Yiuf
  5930 | D:6      | Reached XP level 8. HP: 60/62 MP: 7/7
  5964 | D:6      | Reached ** piety under Okawaru
  6088 | D:6      | Reached skill level 12 in Staves
  6097 | D:6      | Slain by an orc warrior

Vault maps used:
D:1:      dpeg_arrival_rooms_c, lemuel_old_faithful
D:2:      nemelex_deck, minmay_misc_feat_encased, wad_woods_river_04,
          minmay_three_crescents, uniq_crazy_yiuf_cottage, uniq_iyjb
D:3:      kennysheep_goblin_castle, lemuel_coloured_pillars_altar, first_bread
D:4:      lemuel_crystal_altar, serial_shops, shop
D:5:      minmay_temple_entry_water_ring, uniq_menkaure
D:6:      marbit_many_paths, lemuel_doored_altar, basic_altar
Temple:   circular_temple_12

Action                   |  1- 3 |  4- 6 |  7- 9 || total
-------------------------+-------+-------+-------++-------
Melee: Quarterstaff      |    96 |    52 |    25 ||   173
       Unarmed           |       |     1 |       ||     1
       Dagger            |       |    70 |    72 ||   142
Throw: Stone             |    23 |       |     2 ||    25
       Throwing net      |     1 |       |       ||     1
Evoke: Wand              |     1 |       |       ||     1
       Deck              |     1 |       |       ||     1
  Use: Potion            |     1 |       |       ||     1
       Scroll            |       |     7 |       ||     7
  Eat: Chunk             |     5 |     7 |     4 ||    16
